 Dungeon Crawl Stone Soup version 0.32-a0-656-g3542139ebd (webtiles) character file.

Game seed: 1160476897777493644

135357 Dittersdorf the Warrior (level 17, -6/117 HPs)
             Began as a Gargoyle Fighter on Mar 8, 2024.
             Was an Initiate of Gozag.
             Mangled by a mana viper (10 damage)
             ... led by a naga ritualist
             ... on level 4 of the Snake Pit.
             The game lasted 00:40:34 (32974 turns).

Dittersdorf the Warrior (Gargoyle Fighter)         Turns: 32974, Time: 00:40:34

Health: -6/117     AC: 54    Str: 35    XL:     17   Next: 19%
Magic:  0/5        EV:  6    Int: 13    God:    Gozag
Gold:   3104       SH: 18    Dex:  9    Spells: 16/16 levels left

rFire   + . .        R - +2 flail "Womm" {antimagic, +Blink rC+ Str+3}
rCold   + + +        q - +0 tower shield
rNeg    + + .        F - +10 gold dragon scales of Zassi {rPois rF+ rC+ Str+3 Int+2}
rPois   ∞            l - +1 helmet
rElec   +            M - +0 cloak
rCorr   .            y - +0 pair of gloves
SInv    .            n - +2 pair of boots
Will    +....        z - amulet of guardian spirit Stlth
                     c - ring of positive energy
HPRegen 0.39/turn    Q - ring "Ammekhen" {rC+ Str+3}
MPRegen 0.09/turn

%: guardian spirit
@: flying, slowed, very slow
A: sickness immunity, AC +12, big wings, negative energy resistance 1,
electricity resistance, torment resistance 1, petrification resistance
a: Renounce Religion, Evoke Blink, Potion Petition, Call Merchant, Bribe Branch


You were on level 4 of the Snake Pit.
You worshipped Gozag.
Gozag was most pleased with you.
You visited 5 branches of the dungeon, and saw 27 of its levels.
You also visited: Ossuary.

You collected 9006 gold pieces.
You spent 1699 gold pieces at shops.
You paid 4203 gold pieces to Gozag.

Inventory:

Hand Weapons
 b - a +0 morningstar
 R - the +2 flail "Womm" (weapon) {antimagic, +Blink rC+ Str+3}
   (You found it on level 4 of the Snake Pit)

   Str+3:     It affects your strength (+3).
   rC+:       It protects you from cold.
   +Blink:    It lets you blink.
Missiles
 p - 3 curare-tipped darts (quivered)
 t - a throwing net
Armour
 l - a +1 helmet (worn)
 n - a +2 pair of boots (worn)
 q - a +0 tower shield (worn)
 y - a +0 pair of gloves (worn)
 F - the +10 gold dragon scales of Zassi (worn) {rPois rF+ rC+ Str+3 Int+2}
   (You bought it in a shop on level 5 of the Dungeon)

   Str+3:     It affects your strength (+3).
   Int+2:     It affects your intelligence (+2).
   rF+:       It protects you from fire.
   rC+:       It protects you from cold.
   rPois:     It protects you from poison.
 M - a +0 cloak (worn)
Jewellery
 c - a ring of positive energy (left hand)
 f - a ring of ice
 m - a ring of willpower
 z - an amulet of guardian spirit (around neck)
 G - a ring of fire
 P - a ring of see invisible
 Q - the ring "Ammekhen" (right hand) {rC+ Str+3}
   (You found it on level 2 of the Snake Pit)

   [ring of protection from cold]

   Str+3:     It affects your strength (+3).
   rC+:       It protects you from cold.
Wands
 g - a wand of iceblast (48)
 D - a wand of flame (9)
 K - a wand of acid (10)
Scrolls
 h - 5 scrolls of enchant armour
 o - 15 scrolls of teleportation
 v - 2 scrolls of enchant weapon
 w - 2 scrolls of fog
 A - 7 scrolls of identify
 E - 2 scrolls of silence
 H - 2 scrolls of fear
 I - a scroll of brand weapon
 J - 3 scrolls of blinking
Potions
 a - 3 potions of heal wounds
 d - 3 potions of might
 e - 4 potions of resistance
 i - 6 potions of enlightenment
 j - 3 potions of haste
 k - 12 potions of curing
 r - 3 potions of cancellation
 s - a potion of berserk rage
 u - a potion of mutation
 x - 3 potions of brilliance
 B - 4 potions of invisibility
 O - a potion of magic
Miscellaneous
 C - a phantom mirror
 L - a lightning rod (4/4)
 N - a sack of spiders


   Skills:
 + Level 17.1 Fighting
 + Level 15.5 Maces & Flails
 + Level 17.0 Armour
 + Level 17.0 Shields


You had 16 spell levels left.
You didn't know any spells.
Your spell library contained the following spells:

 Spells                   Type           Power      Damage    Failure   Level
 Magic Dart               Conj           0%         1d3       99%         1
 Slow                     Hex            0%         N/A       99%         1
 Call Imp                 Summ           0%         N/A       100%        2
 Mercury Vapours          Alch/Air       0%         N/A       100%        2
 Searing Ray              Conj           0%         2d4       100%        2
 Confusing Touch          Hex            0%         N/A       100%        3
 Sigil of Binding         Hex            0%         N/A       100%        3
 Tukima's Dance           Hex            0%         N/A       100%        3
 Vampiric Draining        Necr           0%         2d6       100%        3
 Fulminant Prism          Conj/Alch      0%         3d5       100%        4
 Leda's Liquefaction      Alch/Erth      0%         N/A       100%        4
 Manifold Assault         Tloc           0%         N/A       100%        4
 Passage of Golubria      Tloc           0%         N/A       100%        4
 Summon Blazeheart Golem  Fire/Summ      0%         N/A       100%        4
 Vhi's Electric Charge    Tloc/Air       0%         N/A       100%        4
 Alistair's Intoxication  Alch           0%         N/A       100%        5
 Borgnjor's Vile Clutch   Necr/Erth      0%         N/A       100%        5
 Fireball                 Conj/Fire      0%         3d3       100%        5
 Lee's Rapid Deconstruct  Erth           0%         3d4*      100%        5
 Summon Forest            Summ/Tloc      0%         N/A       100%        5
 Yara's Violent Unravell  Hex/Alch       0%         3d3       100%        5
 Bombard                  Conj/Erth      0%         9d1       100%        6
 Conjure Ball Lightning   Conj/Air       0%         3x3d6     100%        6
 Dispersal                Tloc           0%         N/A       100%        6
 Eringya's Noxious Bog    Alch           0%         4d6       100%        6
 Spellforged Servitor     Conj/Summ      0%         N/A       100%        7
 Discord                  Hex            0%         N/A       100%        8
 Disjunction              Tloc           0%         N/A       100%        8
 Chain Lightning          Conj/Air       0%         N/A       100%        9


Dungeon Overview and Level Annotations

Branches:
Dungeon (15/15)            Temple (1/1) D:5            Lair (5/5) D:10
  Swamp (0/4) Lair:2        Snake (4/4) Lair:2        Slime (0/5) Lair:5
    Orc (2/2) D:10            Elf (0/3) Orc:2        Vaults (0/5) D:14
 Depths (0/4) D:15        Ossuary (visited)

Altars:
Ashenzari
Cheibriados
Dithmenos
Elyvilon
Fedhas
Gozag
Hepliaklqana
Kikubaaqudgha
Makhleb
Nemelex Xobeh
Okawaru
Qazlal
Ru
Sif Muna
Trog
Uskayaw
Vehumet
Wu Jian
Xom
Yredelemnul
Zin
The Shining One
Beogh
Jiyva

Shops:
D:1 ?!(!?   D:2 *   D:5 *   D:14 *   Orc:2 [=(?   Snake:1 :=:   Snake:3 (

Annotations:
Snake:3 2 transporters


Innate Abilities, Weirdness & Mutations

You are immune to sickness and miasma.
Your stone body is resilient. (AC +12)
You are immune to poison.
Your large and strong wings let you fly.
You resist negative energy. (rN+)
You are resistant to electric shocks. (rElec)
You are resistant to unholy torment.
You are immune to petrification.


Message History

The guardian serpent hits you but does no damage.
The mana viper bites you but does no damage.
The guardian serpent casts a spell at you.
The nagaraja blinks!
You block the mana viper's attack.
The mana viper attacks as it pursues you!
You block the mana viper's attack. The nagaraja barely misses you.
The nagaraja grabs you. The nagaraja constricts you.
You block the guardian serpent's attack.
You block the nagaraja's attack. The nagaraja constricts you.
The mana viper bites you but does no damage. x2
You escape the nagaraja's grasp.
The mana viper attacks as it pursues you!
You block the mana viper's attack.
The guardian serpent hits you but does no damage.
You block the nagaraja's attack. You block the mana viper's attack.
The guardian serpent casts a spell at you.
The bolt of poison hits you but does no damage.
You resist.
The guardian serpent coils itself and waves its upper body at you.
The mana viper blinks!
The nagaraja gestures at you while chanting.
The poison arrow hits you. You partially resist.
* * * LOW HITPOINT WARNING * * *
You block the mana viper's attack. The mana viper bites you!
* * * LOW HITPOINT WARNING * * *
The nagaraja spits poison at you. You block the splash of poison.
The mana viper bites you but does no damage.
The nagaraja attacks as it pursues you!
The nagaraja hits you but does no damage.
The nagaraja grabs you. The nagaraja constricts you.
You block the mana viper's attack. You block the nagaraja's attack.
The nagaraja constricts you.
You escape the nagaraja's grasp.
The mana viper attacks as it pursues you!
The mana viper bites you but does no damage.
The mana viper bites you!
You die...
Your body crumbles into a pile of gold.

(.P..(...#. .....P..##.
..÷♣.....#. ...÷..(..#.
......P..#. ...(.....#.
#######..#.
###############.#'##.
##...@SNS.............
#.#####S.............. ###
##)#...###)............
#.###..+.....##............
##.....#......##......#.)..
##...#.....ß...##....##)...
#..#####........##..##..)..
##.# ####......##........
### #######).ß..#######..


You could see a nagaraja (fast, catching breath), 2 mana vipers and a guardian
serpent.

Vanquished Creatures
  Kirke (D:13)
  A nagaraja (Snake:3)
  An emperor scorpion (D:15)
  An orc warlord (Orc:1)
  A dire elephant (D:15)
  2 fire dragons
  A yaktaur captain (D:14)
  A salamander tyrant (Snake:4)
  A great orb of eyes (D:15)
  4 ogre magi
  6 hydras
  2 death knights
  4 catoblepae
  5 centaur warriors
  3 boulder beetles
  15 two-headed ogres
  3 anacondas
  A tengu warrior (D:15)
  5 death yaks
  4 naga warriors
  A shock serpent (Snake:3)
  9 naga sharpshooters
  An orc high priest (Orc:2)
  A skyshark (Lair:5)
  2 salamander mystics
  A skeletal warrior (D:13)
  A naga ritualist (Snake:2)
  A sea snake (Snake:1)
  2 spriggan druids
  2 arcanists (D:14)
  9 mana vipers
  An orange crystal statue (D:12)
  3 lindwurms
  An obsidian statue (D:12)
  7 orc knights
  A deep elf pyromancer (D:14)
  4 orc sorcerers
  7 manticores
  2 cyclopes
  14 ugly things
  An oklob plant (Lair:2)
  8 salamanders
  3 elephants (Lair:4)
  5 guardian serpents
  4 kobold blastminers
  11 naga magi
  The ghost of jasper the Basher, a novice MDFi of Beogh (D:5)
  11 cane toads
  27 black mambas
  A gargoyle (D:14)
  An unseen horror (D:12)
  2 freezing wraiths
  3 yaktaurs (D:14)
  9 komodo dragons
  5 rime drakes
  An efreet (D:14)
  4 guardian mummies (D:12)
  A queen bee (shapeshifter) (D:14)
  3 trolls
  A polar bear (shapeshifter) (D:14)
  4 polar bears
  Prince Ribbit (D:8)
  A hornet (Lair:2)
  30 blink frogs
  4 dream sheep (Lair:5)
  A jumping spider (shapeshifter) (D:15)
  4 shadows
  7 slime creatures
  2 vampires
  A spriggan (shapeshifter) (D:15)
  A centaur simulacrum (D:14)
  5 wraiths
  56 yaks
  4 basilisks
  4 wyverns
  5 hogs (D:13)
  11 vampire mosquitoes
  2 wargs (Orc:2)
  4 steam dragons
  16 nagas
  2 acid dragons
  17 water moccasins
  3 ice beasts
  32 orc warriors
  A sky beast (D:7)
  2 black bears
  9 ogres
  6 wolves (Lair:2)
  A centaur (shapeshifter) (D:13)
  11 centaurs
  A phantom (D:6)
  A kobold brigand (D:10)
  10 bullfrogs
  2 elf zombies
  A weeping skull (Ossuary)
  2 elf skeletons (D:6)
  2 gnoll sergeants
  6 scorpions
  6 wights (D:9)
  2 burial acolytes (Ossuary)
  A hornet simulacrum (D:15)
  7 killer bees
  4 howler monkeys
  2 electric eels (Snake:2)
  A bombardier beetle (D:3)
  3 lava snakes (Lair:2)
  3 centaur zombies (Ossuary)
  3 gnoll boudas
  5 hounds
  7 orc priests
  4 jellies (Lair:5)
  A human skeleton (D:6)
  2 iguanas
  17 orc wizards
  Natasha (thrice) (D:4)
  12 hell rats
  5 hound zombies (Ossuary)
  6 mummies
  23 gnolls
  4 adders
  A shadow imp (D:5)
  A white imp (D:5)
  2 ufetubi (D:5)
  A dart slug (D:1)
  4 ribbon worms
  67 orcs
  7 endoplasms
  2 giant cockroaches
  6 goblins
  6 hobgoblins
  8 jackals
  8 kobolds
  4 quokkas
  10 ball pythons
  2 bats (D:2)
  4 frilled lizards
  6 gnoll zombies (Ossuary)
  An orc skeleton (D:6)
  3 orc zombies
  A rat (D:1)
771 creatures vanquished.

Notes
Turn   | Place    | Note
-------+----------+-------------------------------------------
     0 | D:1      | Dittersdorf the Gargoyle Fighter began the quest for the
                  | Orb.
     0 | D:1      | Reached XP level 1. HP: 14/14 MP: 1/1
   139 | D:1      | Reached XP level 2. HP: 9/19 MP: 2/2
   517 | D:1      | Reached XP level 3. HP: 19/24 MP: 3/3
   830 | D:2      | Found Zalaed's Assorted Antiques.
  1618 | D:3      | Reached XP level 4. HP: 25/29 MP: 4/4
  1889 | D:3      | Found a faded altar of an unknown god.
  2023 | D:3      | Got Plato's Writings on Mischance
  2205 | D:3      | Identified the +0 robe "Ureonkal" {rF+}
  2450 | D:4      | Found a sparkling altar of Nemelex Xobeh.
  2454 | D:4      | Found a shimmering blue altar of Sif Muna.
  2454 | D:4      | Found an iron altar of Okawaru.
  2456 | D:4      | Found a glowing silver altar of Zin.
  2506 | D:4      | Noticed an ogre
  2514 | D:4      | Killed an ogre
  2515 | D:4      | Reached XP level 5. HP: 34/34 MP: 5/5
  2680 | D:4      | Noticed Natasha
  2688 | D:4      | Killed Natasha
  3312 | D:4      | Noticed Natasha
  3329 | D:4      | Killed Natasha
  3330 | D:4      | Reached XP level 6. HP: 27/39 MP: 6/6
  3931 | D:4      | Found a sparkling altar of Nemelex Xobeh.
  3936 | D:4      | Found a shimmering blue altar of Sif Muna.
  3936 | D:4      | Found an iron altar of Okawaru.
  3939 | D:4      | Found a glowing silver altar of Zin.
  4353 | D:4      | Noticed Natasha
  4364 | D:4      | Killed Natasha
  4857 | D:5      | Entered Level 5 of the Dungeon
  4919 | D:5      | Found a runed translucent gate.
  4919 | D:5      | Found a runed translucent gate.
  4919 | D:5      | Found a runed translucent gate.
  4928 | D:5      | Noticed a black bear
  5142 | D:5      | Found Okhloump's General Store.
  5243 | D:5      | Reached skill level 5 in Fighting
  5243 | D:5      | Reached skill level 5 in Armour
  5243 | D:5      | Reached skill level 5 in Shields
  5243 | D:5      | Reached XP level 7. HP: 40/44 MP: 7/7
  5787 | D:5      | Found a staircase to the Ecumenical Temple.
  5796 | Temple   | Entered the Ecumenical Temple
  5830 | Temple   | Became a worshipper of Gozag Ym Sagoz the Greedy
  5940 | D:5      | Noticed jasper's ghost (novice MDFi)
  6107 | D:6      | Reached XP level 8. HP: 50/51 MP: 8/8
  6189 | D:6      | Found a snail-covered altar of Cheibriados.
  6461 | D:6      | Found a sand-covered staircase.
  6491 | D:6      | Reached skill level 5 in Maces & Flails
  6495 | Ossuary  | Entered an ossuary
  7075 | D:6      | Reached XP level 9. HP: 51/57 MP: 9/9
  9316 | D:8      | Reached XP level 10. HP: 64/64 MP: 10/10
  9630 | D:8      | Identified the +0 robe of Boal {rElec rN+ Int+4 Dex-2}
  9705 | D:8      | Noticed Prince Ribbit
  9717 | D:8      | Killed Prince Ribbit
 10529 | D:9      | Got Sif Muna's Directory of the Mob
 10763 | D:9      | Found a white marble altar of Elyvilon.
 10946 | D:10     | Entered Level 10 of the Dungeon
 11008 | D:10     | Found a staircase to the Orcish Mines.
 11121 | D:10     | Found a staircase to the Lair.
 11175 | D:10     | Got the Collected Works on Inclement Accelerants
 11194 | D:10     | Found a hazy altar of Hepliaklqana.
 11328 | D:10     | Noticed a two-headed ogre
 11335 | D:10     | Killed a two-headed ogre
 11336 | D:10     | Reached XP level 11. HP: 68/72 MP: 9/11
 11645 | Lair:1   | Entered Level 1 of the Lair of Beasts
 11727 | D:10     | Reached skill level 10 in Fighting
 11727 | D:10     | Reached skill level 10 in Armour
 11823 | Lair:1   | Reached skill level 10 in Shields
 12208 | D:5      | Bought the +10 gold dragon scales of Zassi {rPois rF+ rC+
                  | Str+3 Int+2} for 1699 gold pieces
 13414 | Lair:2   | Noticed a lindwurm
 13431 | Lair:2   | Killed a lindwurm
 13446 | Lair:2   | Reached XP level 12. HP: 58/80 MP: 8/12
 13775 | Lair:2   | Reached skill level 10 in Maces & Flails
 13888 | Lair:2   | Found a staircase to the Snake Pit.
 14079 | Lair:2   | Found a staircase to the Swamp.
 14105 | Lair:1   | HP: 4/80 [spriggan druid/+0 quarterstaff (9)]
 14367 | Lair:2   | Found a blossoming altar of Fedhas.
 16317 | Lair:4   | Reached XP level 13. HP: 82/86 MP: 11/13
 17085 | Lair:5   | Entered Level 5 of the Lair of Beasts
 17343 | Lair:5   | Found a staircase to the Slime Pits.
 17343 | Lair:5   | Found a viscous altar of Jiyva.
 18549 | Lair:4   | Gained mutation: Your large and strong wings let you fly.
                  | [Gargoyle growth]
 18549 | Lair:4   | Reached XP level 14. HP: 84/94 MP: 12/14
 19338 | D:5      | Killed jasper's ghost
 20923 | D:12     | Noticed a reaper
 20923 | D:12     | Noticed a reaper
 20923 | D:12     | Noticed a reaper
 20923 | D:12     | Noticed a reaper
 20924 | D:12     | Noticed a reaper
 22206 | D:13     | Noticed Kirke
 22232 | D:13     | Killed Kirke
 23073 | D:14     | Found a gate to the Vaults.
 23104 | D:14     | Reached XP level 15. HP: 73/101 MP: 12/15
 23201 | D:14     | Found a bloodstained altar of Trog.
 23329 | D:14     | Found Famemez's General Store.
 23846 | D:14     | Reached skill level 15 in Fighting
 23866 | D:14     | Reached skill level 15 in Armour
 24002 | D:14     | Reached skill level 15 in Shields
 24086 | D:14     | You are sucked into a shaft and drop 1 floor!
 24086 | D:15     | Entered Level 15 of the Dungeon
 24271 | D:14     | Paralysed by an ogre mage for 5 turns
 24788 | D:15     | Found a glowing golden altar of the Shining One.
 24851 | D:15     | Paralysed by something for 4 turns
 25823 | D:15     | Found a snail-covered altar of Cheibriados.
 25983 | D:15     | Found a staircase to the Depths.
 25989 | D:15     | Noticed an emperor scorpion
 26007 | D:15     | Killed an emperor scorpion
 26008 | D:15     | HP: 1/104 [dire elephant (8)]
 26259 | Orc:1    | Entered Level 1 of the Orcish Mines
 26453 | Orc:2    | Entered Level 2 of the Orcish Mines
 26620 | Orc:1    | Found a burning altar of Makhleb.
 26815 | Orc:2    | Reached XP level 16. HP: 65/110 MP: 10/16
 27541 | Orc:2    | Found Pekhloo's Antique Weapon Shop.
 27541 | Orc:2    | Found Qotial's Jewellery Emporium.
 27541 | Orc:2    | Found Vemon's Antique Armour Shoppe.
 27551 | Orc:2    | Found Bohohadd's Magic Scroll Boutique.
 27736 | Orc:2    | Paralysed by something for 3 turns
 27762 | Orc:2    | Found a staircase to the Elven Halls.
 28336 | Orc:2    | Identified the +6 falchion of Sulphur {protect, +Blink rF+
                  | Int+7 Stlth-}
 28379 | Orc:2    | Found a roughly hewn altar of Beogh.
 28540 | Snake:1  | Entered Level 1 of the Snake Pit
 29193 | Snake:1  | Found a glowing silver altar of Zin.
 30046 | Snake:1  | Found Paluxam's Book Emporium.
 30048 | Snake:1  | Found Sozylem's Jewellery Shop.
 30049 | Snake:1  | Found Diasepla's Book Emporium.
 30362 | Snake:2  | Found a shimmering altar of Xom.
 30457 | Snake:1  | Reached skill level 15 in Maces & Flails
 30958 | Snake:2  | Identified the +1 sling of the Median {heavy, rElec rF-
                  | Dex+4}
 31290 | Snake:2  | Identified the ring "Ammekhen" {rC+ Str+3}
 31324 | Snake:2  | Identified the +5 long sword of Classification {holy,
                  | Dex+5}
 31711 | Snake:3  | Noticed a nagaraja
 31729 | Snake:3  | Killed a nagaraja
 31730 | Snake:3  | Reached XP level 17. HP: 73/116 MP: 11/17
 31851 | Snake:3  | Found a transporter.
 31938 | Snake:3  | Found a transporter.
 32044 | Snake:3  | Found Sinu's Antique Weapon Boutique.
 32232 | Snake:4  | Entered Level 4 of the Snake Pit
 32445 | Snake:4  | Identified the +6 shortbow "Dittersdorf's Regret"
                  | {antimagic, rPois Int+3}
 32628 | Snake:4  | Identified the +2 flail "Womm" {antimagic, +Blink rC+
                  | Str+3}
 32972 | Snake:4  | HP: 3/117 [mana viper[a naga ritualist] (10)]
 32974 | Snake:4  | Mangled by a mana viper

Illustrated notes

Levels and vault maps discovered:
D:1:      minmay_arrival_diagonal_passages, layout_basic
D:2:      layout_loops_ring, serial_shops, shop, hangedman_decor_slide_cut,
          kennysheep_generic_room_6
D:3:      layout_basic, shapermc_ecumenical_altar_rom_forum
D:4:      layout_layer_cave, minitemple, grunt_ministairs_7, uniq_natasha
D:5:      layout_cave_pools, minmay_temple_entry_junction_2, serial_shops, shop,
          ebering_ghost_rock_garden, nicolae_twisty_statue_hallways
D:6:      layout_basic, kennysheep_little_box, nicolae_ossuary_entry_catacombs
D:7:      layout_layer_cave
D:8:      layout_rooms, uniq_prince_ribbit1
D:9:      layout_basic, kennysheep_mini
D:10:     layout_loops_ring, mainiacjoe_overflow_catwalk, lair_entry_dummy,
          orc_0_dummy, st_stairs_3, kennysheep_generic_room_9
D:11:     layout_irregular_city
D:12:     minmay_separated_statues, layout_basic, minmay_guarded_unrand_curses
D:13:     layout_basic, uniq_kirke
D:14:     nzn_winding_woodlands_medium [nzn_winding_woodlands_5x5_open_star,
          nzn_winding_woodlands_5x15_jagged, nzn_winding_woodlands_5x5_cross,
          nzn_winding_woodlands_hourglass, nzn_winding_woodlands_center_garden,
          nzn_winding_woodlands_5x5_closed_star,
          nzn_winding_woodlands_5x5_perimeter,
          nzn_winding_woodlands_5x15_pockets,
          nzn_winding_woodlands_5x5_default], layout_long_grid, david_vaults_2,
          serial_shops, shop, roderic_lattice_a, trog_butcher_becter
D:15:     hangedman_depths_entry_try_elsewhere_first, layout_loops_cross,
          tso_metal_star, chei_slow_surprise
Temple:   nicolae_temple_superstar
Lair:1:   layout_cave_pods, dreamdust_gnoll_shepherd
Lair:2:   layout_regular_city, mainiacjoe_swamp_entry_angry_trees,
          nicolae_snake_entry_warm_welcome, st_stairs_7, tgw_fedhas
Lair:3:   layout_layer_cave, nicolae_quartered_pool_medium, minivault_24
Lair:4:   layout_cave_shapes
Lair:5:   evilmike_catoblepas_cave, layout_long_grid,
          nicolae_slime_entry_slimehenge, grunt_forest_large_clearings
Snake:1:  layout_chambers, basic_altar, drop_trap, minmay_shop_grove
Snake:2:  nrook_guardian_serpent_snake_passage, layout_onion_interference,
          basic_altar, guppyfry_snake_island
Snake:3:  gammafunk_its_a_trap, layout_misc_corridors, minmay_shop_star
Snake:4:  snake_hunt, layout_cave_town, grunt_megastairs_3, lemuel_fruit_tree
Orc:1:    layout_diamond_mine, basic_altar
Orc:2:    st_orc_rangers, layout_caves, lightli_church_of_beogh

Skill      XL: |  1  2  3  4  5  6  7  8  9 10 11 12 13 14 15 16 17 |
---------------+----------------------------------------------------+-----
Fighting       | 4 5 7 8 9 11 12 13 14 15 16 17 | 17.1
Armour         | 4 5 6 8 9 11 12 13 14 15 16 17 | 17.0
Shields        | 4 5 6 8 9 10 12 13 14 15 16 17 | 17.0
Maces & Flails | 3 4 5 7 8 9 11 12 13 14 15 | 15.5

Action                     |  1- 3 |  4- 6 |  7- 9 | 10-12 | 13-15 | 16-18 || total
---------------------------+-------+-------+-------+-------+-------+-------++-------
  Melee: Flail             |   123 |   146 |   607 |   961 |  1432 |   889 ||  4158
         Unarmed           |       |       |       |       |    17 |       ||    17
  Throw: Dart              |       |     1 |       |     1 |       |     1 ||     3
 Invoke: Call Merchant     |       |       |       |       |       |     5 ||     5
    Use: Scroll            |       |     9 |     9 |    10 |     4 |     1 ||    33
         Potion            |       |       |       |     1 |     5 |       ||     6
   Stab: Distracted        |       |       |     2 |     4 |     7 |       ||    13
         Petrified         |       |       |       |       |    21 |       ||    21
         Confused          |       |       |       |       |     1 |       ||     1
         Petrifying        |       |       |       |       |     1 |       ||     1
 Armour: Scale mail        |   101 |   152 |       |       |       |       ||   253
         Chain mail        |       |    19 |   673 |    86 |       |       ||   778
         Plate armour      |       |       |       |   174 |       |       ||   174
         Gold dragon scale |       |       |       |   377 |  1290 |   815 ||  2482
         Skin              |       |       |       |       |    35 |       ||    35
  Dodge: Dodged            |    55 |    97 |   312 |    95 |   260 |   129 ||   948
  Block: Buckler           |    28 |    63 |   162 |       |       |       ||   253
         Tower shield      |       |       |    76 |   707 |  1434 |  1066 ||  3283

Table legend: (Time is in decaauts)
 A = Elapsed time spent in this place.
 B = Non-inter-level travel time spent in this place.
 C = Inter-level travel time spent in this place.
 D = Time resting spent in this place.
 E = Time spent auto-exploring this place.
 F = Levels seen in this place.
 G = Mean time per level.
                   A        B        C        D        E       F      G
               +--------+--------+--------+--------+--------+-----+--------+
         Total |  33049 |  30941 |   2108 |   4111 |  18604 |  28 | 1180.3 |
       Dungeon |  19098 |  17648 |   1450 |   2346 |  11017 |  15 | 1273.2 |
        Temple |     68 |      2 |     66 |      0 |      0 |   1 |   68.0 |
          Lair |   7373 |   6989 |    384 |    722 |   4299 |   5 | 1474.6 |
     Snake Pit |   3926 |   3793 |    133 |    482 |   2316 |   4 |  981.5 |
  Orcish Mines |   2115 |   2040 |     75 |    560 |    691 |   2 | 1057.5 |
       Ossuary |    468 |    468 |      0 |      0 |    280 |   1 |  468.0 |
               +--------+--------+--------+--------+--------+-----+--------+

Top non-repeatable levels by time:
     D:4: 2675 daAuts
    D:14: 1807 daAuts
     D:7: 1781 daAuts
  Lair:2: 1779 daAuts
 Snake:1: 1723 daAuts
  Lair:5: 1634 daAuts
    D:12: 1536 daAuts
    D:15: 1491 daAuts
  Lair:3: 1406 daAuts
     D:9: 1372 daAuts
  Lair:1: 1326 daAuts
  Lair:4: 1227 daAuts
    D:13: 1158 daAuts
     D:5: 1116 daAuts
   Orc:2: 1114 daAuts
